 Dungeon Crawl Stone Soup version 0.25.1-2-g60ff931df9 (webtiles) character file.

Game seed: 3675450398093642079

87602 Qrupt the Grappler (level 15, -15/138 HPs)
             Began as a Ghoul Monk on Oct 28, 2020.
             Was the Champion of Nemelex Xobeh.
             Killed from afar by a wretched star (24 damage)
             ... with a lance of force
             ... on level 2 of the Abyss.
             The game lasted 01:15:10 (29432 turns).

Qrupt the Grappler (Ghoul Monk)                    Turns: 29432, Time: 01:15:16

Health: -15/138    AC: 16    Str: 19      XL:     15   Next: 91%
Magic:  0/21       EV: 17    Int:  4 (5)  God:    Nemelex Xobeh [******]
Gold:   1685       SH:  0    Dex: 14      Spells: 14/14 levels left

rFire    . . .     SeeInvis +     - Unarmed
rCold    + . .     Gourm    .   (no shield)
rNeg     + + +     Faith    .   u - +1 scale mail of Gallantry {*Slow +Inv rElec Slay+2}
rPois    ∞         Spirit   +   (no helmet)
rElec    +         Reflect  .   H - +2 cloak
rCorr    .         Harm     .   n - +0 pair of gloves
MR       ++...                  T - +0 pair of boots (curse)
Stlth    +.........             r - amulet of guardian spirit
HPRegen  0.00/turn              v - ring "Viumy" {rElec MR+ SInv}
MPRegen  0.17/turn              p - +4 ring of slaying

@: rotting
A: rotting body, claws 1, carnivore, cold resistance 1, negative energy
resistance 3, inhibited regeneration, torment resistance, unbreathing
a: Draw Escape, Draw Destruction, Draw Summoning, Triple Draw, Deal Four, Stack
Five, Renounce Religion, Evoke Invisibility


You were on level 2 of the Abyss.
You worshipped Nemelex Xobeh.
Nemelex Xobeh was exalted by your worship.
You were not hungry.

You visited 3 branches of the dungeon, and saw 19 of its levels.
You visited the Abyss 1 time.
You also visited: Sewer and Gauntlet.

You collected 1685 gold pieces.

Inventory:

Missiles
 V - 22 silver javelins (quivered)
Armour
 m - a +1 pair of gloves of strength
 n - a +0 pair of gloves (worn)
 u - the +1 scale mail of Gallantry (worn) {*Slow +Inv rElec Slay+2}
   (You found it on level 7 of the Dungeon)

   It affects your accuracy and damage with ranged weapons and melee attacks
   (+2).
   It insulates you from electricity.
   It lets you turn invisible.
   It may slow you when you take damage.
 H - a +2 cloak (worn)
 R - the +18 shield of the Gong {rElec rN+ MR+ EV-5}
   (You found it in a Gauntlet)

   It affects your evasion (-5).
   It insulates you from electricity.
   It protects you from negative energy.
   It affects your resistance to hostile enchantments.
 T - a cursed +0 pair of boots (worn)
Jewellery
 d - an uncursed ring of protection from fire
 p - a +4 ring of slaying (right hand)
 r - an amulet of guardian spirit (around neck)
 v - the ring "Viumy" (left hand) {rElec MR+ SInv}
   (You found it in a Gauntlet)

   [ring of see invisible]

   It insulates you from electricity.
   It affects your resistance to hostile enchantments.
   It lets you see invisible.
 S - an uncursed ring of protection from magic
 W - an uncursed ring of protection from cold
Wands
 k - a wand of clouds (3)
 x - a wand of acid (4)
 C - a wand of paralysis (4)
 D - a wand of polymorph (12)
 G - a wand of disintegration (10)
 J - a wand of enslavement (19)
 M - a wand of iceblast (10)
 N - a wand of flame (35)
 P - a wand of random effects (48)
 Y - a wand of digging (3)
Scrolls
 a - a scroll of holy word {unknown}
 c - 10 scrolls of magic mapping
 g - a scroll of teleportation
 i - 10 scrolls of remove curse
 q - 5 scrolls of fear
 s - 4 scrolls of enchant weapon
 w - 3 scrolls of blinking {unknown}
 y - 4 scrolls of fog {unknown}
 B - 2 scrolls of enchant armour {unknown}
 F - 3 scrolls of random uselessness {unknown}
 O - 5 scrolls of immolation {unknown}
 U - a scroll of vulnerability {unknown}
 X - a scroll of acquirement {unknown}
 Z - 3 scrolls of identify
Potions
 e - 4 potions of flight
 f - a potion of berserk rage
 h - 4 potions of haste
 j - 2 potions of stabbing
 l - 4 potions of brilliance
 o - 6 potions of degeneration
 t - a potion of mutation
 z - 2 potions of magic
 I - 2 potions of cancellation {unknown}
 K - 2 potions of ambrosia
 L - 4 potions of might
Miscellaneous
 Q - a box of beasts
Comestibles
 b - 34 rations


   Skills:
 + Level 14.3 Fighting
 + Level 10.0 Armour
 + Level 12.3 Dodging
 - Level 2.1 Stealth
 + Level 3.8 Shields
 + Level 14.3 Unarmed Combat
 + Level 4.7 Invocations
 + Level 10.0 Evocations


You had 14 spell levels left.
You didn't know any spells.
Your spell library contained the following spells:

 Spells                   Type           Power        Failure   Level  Hunger
 Animate Skeleton         Necr           N/A          80%         1    ##.....
 Magic Dart               Conj           #...         80%         1    ##.....
 Pain                     Necr           #...         80%         1    ##.....
 Summon Butterflies       Summ           #.......     80%         1    ##.....
 Corpse Rot               Necr/Air       N/A          91%         2    ###....
 Searing Ray              Conj           #.....       91%         2    ###....
 Call Canine Familiar     Summ           #.......     99%         3    ####...
 Dazzling Flash           Conj/Hex       #.....       99%         3    ####...
 Gell's Gravitas          Tloc           #.........   99%         3    ####...
 Portal Projectile        Hex/Tloc       #.....       99%         3    ####...
 Stone Arrow              Conj/Erth      #.....       99%         3    ####...
 Vampiric Draining        Necr           #.........   99%         3    ####...
 Animate Dead             Necr           N/A          100%        4    #####..
 Fulminant Prism          Conj/Hex       #.........   100%        4    #####..
 Iskenderun's Mystic Bla  Conj/Tloc      #.......     100%        4    #####..
 Leda's Liquefaction      Hex/Erth       #.........   100%        4    #####..
 Summon Ice Beast         Ice/Summ       #.......     100%        4    #####..
 Agony                    Necr           #.......     100%        5    ######.
 Bolt of Magma            Conj/Fire/Erth #.........   100%        5    ######.
 Metabolic Englaciation   Hex/Ice        #.........   100%        5    ######.
 Summon Forest            Summ/Tloc      #.........   100%        5    ######.
 Summon Mana Viper        Hex/Summ       #.......     100%        5    ######.
 Dispersal                Tloc           #.........   100%        6    #######
 Eringya's Noxious Bog    Tmut/Pois      #.........   100%        6    #######
 Freezing Cloud           Conj/Ice/Air   #.........   100%        6    #######
 Iron Shot                Conj/Erth      #.........   100%        6    #######
 Ozocubu's Refrigeration  Ice            #.........   100%        6    #######
 Simulacrum               Ice/Necr       #.........   100%        6    #######
 Summon Hydra             Summ           #.........   100%        7    #######
 Controlled Blink         Tloc           N/A          100%        8    #######
 Disjunction              Tloc           #.........   100%        8    #######
 Shatter                  Erth           #.........   100%        9    #######
 Ice Form                 Ice/Tmut       Unusable     N/A         4    N/A
 Hydra Form               Tmut           Unusable     N/A         6    N/A
 Statue Form              Tmut/Erth      Unusable     N/A         6    N/A

Dungeon Overview and Level Annotations

Branches:
Dungeon (10/15)            Temple (0/1) D:6            Lair (6/6) D:8
 Shoals (0/4) Lair:3       Spider (3/4) Lair:3        Slime (0/5) Lair:5
    Orc (0/2) D:10          Sewer (visited)         Gauntlet (visited)

Altars:
Ashenzari
Cheibriados
Nemelex Xobeh
Qazlal
Trog
Zin
The Shining One
Jiyva

Shops:
D:8 (

Annotations:
Lair:2 exclusion: 2 oklob plants
Lair:5 2 transporters, Hairutzoic's ghost, journeyman MiBe
Lair:6 3 runed translucent doors, raetorn's ghost, journeyman VSBe
Spider:3 Louise


Innate Abilities, Weirdness & Mutations

Your body is rotting away.
You thrive on raw meat.
You are immune to poison.
You have sharp fingernails.
You are carnivorous and can eat meat at any time.
Your flesh is cold resistant. (rC+)
You are immune to negative energy. (rN+++)
You do not regenerate when monsters are visible.
You are immune to unholy pain and torment.
You can survive without breathing.


Message History

Your basilisk barely misses the wretched star.
The wretched star pulses with an eldritch light!
Your body decomposes!
You feel dopey.
Your basilisk twists and deforms.
Your wyvern twists and deforms. x4
Unknown command.
Your basilisk bites the wretched star but does no damage.
Your wyvern bites the wyvern.
Your wyvern bites the wyvern but does no damage.
The wyvern bites your wyvern. The wyvern bites your wyvern!
A worldbinder comes into view.
You feel better.
Your wyvern barely misses the wyvern.
The wyvern bites your wyvern.
Your wyvern bites the wyvern!
Your wyvern closely misses the wyvern.
The wyvern bites your wyvern!
Your basilisk bites the wretched star!
The wretched star glows turbulently.
The lance of force misses your basilisk.
The lance of force hits you!!
You die...
Your body glows with a rainbow of weird colours and disappears.

.....##
.......
...... ##
##v...
#.###....
###.#ll..
#....ll.#
#.l.# ##.@#
#.. ##.##
.....
#ll#....3..
#...* ..##..
#....... .#
...#......
..
#..###.x.#..
.. #..
##.....# .
.. .§# # .


You could see a wretched star, a worldbinder, 2 wyverns, a friendly basilisk
(summoned, misshapen), a friendly fire vortex (summoned) and 4 friendly wyverns.

Vanquished Creatures
  Arachne (Spider:1)
  Jorgrun (Spider:2)
  2 ghost moths
  2 entropy weavers
  A dire elephant (Lair:3)
  Azrael (Spider:1)
  2 spark wasps
  5 hydras
  3 catoblepae (Lair:6)
  A two-headed ogre (D:10)
  A queen ant (Gauntlet)
  12 death yaks
  A spatial maelstrom (Abyss:2)
  A death drake (D:10)
  A shadow wraith (Abyss:2)
  Pikel (D:6)
  An orange crystal statue (Gauntlet)
  A mana viper (Abyss:2)
  9 orb spiders
  A cyclops (D:10)
  13 wolf spiders
  2 manticores (Lair:6)
  A fire giant skeleton (Abyss:2)
  Maurice (D:9)
  A merfolk siren (Lair:3)
  4 black mambas
  27 elephants
  A smoke demon (Abyss:2)
  A torpor snail (Spider:3)
  9 spiny frogs
  7 komodo dragons
  2 rime drakes
  3 demonic crawlers
  A polar bear (Lair:3)
  A queen bee (D:9)
  An ancient zyme (Abyss:2)
  A troll (D:10)
  13 jumping spiders
  2 hornets
  A blink frog (shapeshifter) (Abyss:2)
  10 hippogriffs
  12 blink frogs
  2 black bears
  3 wyverns
  34 redbacks
  3 shadows (Gauntlet)
  A vampire (D:10)
  A spriggan (Lair:3)
  10 tarantellas
  A wraith (D:10)
  24 yaks
  A hungry ghost (D:8)
  3 fire elementals (Spider:1)
  Eustachio (D:3)
  4 soldier ants (Gauntlet)
  A warg (D:10)
  4 hell hounds
  9 porcupines
  10 water moccasins
  4 slaves (D:6)
  3 orc warriors
  4 ice beasts
  2 phantoms
  A necrophage (D:5)
  2 centaurs
  5 wolves
  An ogre (D:10)
  A big kobold (D:10)
  11 crocodiles
  2 small abominations (Abyss:2)
  15 bullfrogs
  4 earth elementals
  A gnoll sergeant (D:8)
  A scorpion (D:7)
  14 killer bees (D:9)
  5 wights (D:8)
  3 howler monkeys
  An electric eel (Lair:4)
  3 crimson imps
  2 bullfrog zombies
  2 centaur zombies (D:8)
  A quasit (Abyss:2)
  7 hounds
  7 orc priests
  11 orc wizards
  2 jellies
  A bullfrog skeleton (D:7)
  7 iguanas
  2 hell rats (D:8)
  9 worker ants
  A killer bee zombie (D:5)
  A hound skeleton (D:10)
  A worker ant zombie (D:7)
  11 gnolls
  13 adders
  A river rat (D:8)
  3 shadow imps
  3 oozes
  An adder skeleton (D:2)
  4 worms
  A dart slug (D:4)
  9 leopard geckos
  40 orcs
  3 giant cockroaches
  9 goblins
  11 hobgoblins
  8 jackals
  14 kobolds
  8 quokkas
  6 ball pythons
  10 bats
  8 frilled lizards
  A jackal skeleton (D:4)
  A leopard gecko skeleton (D:6)
  2 quokka skeletons
  9 rats
  6 fungi
  A plant (Sewer)
594 creatures vanquished.

Vanquished Creatures (collateral kills)
  A great orb of eyes (Gauntlet)
  Harold (Lair:2)
  A starcursed mass (Abyss:2)
  A quasit (Abyss:2)
4 creatures vanquished.

Vanquished Creatures (others)
  A porcupine (Lair:2)
  12 bushes (Abyss:2)
  15 demonic plants (Abyss:2)
  98 fungi
  A lurking horror (Abyss:2)
  58 plants
185 creatures vanquished.

Grand Total: 783 creatures vanquished

Notes
Turn   | Place    | Note
-------+----------+-------------------------------------------
     0 | D:1      | Qrupt the Ghoul Monk began the quest for the Orb.
     0 | D:1      | Reached XP level 1. HP: 19/19 MP: 0/0
   297 | D:1      | Reached XP level 2. HP: 20/26 MP: 1/1
   769 | D:1      | Reached XP level 3. HP: 26/33 MP: 2/2
  1540 | D:2      | Reached XP level 4. HP: 17/40 MP: 3/3
  2426 | D:2      | Reached XP level 5. HP: 33/47 MP: 4/4
  3398 | D:3      | Reached XP level 6. HP: 55/55 MP: 5/5
  3439 | D:3      | Reached skill level 5 in Unarmed Combat
  3442 | D:3      | Reached skill level 5 in Fighting
  4304 | D:4      | Noticed Eustachio
  4331 | D:3      | Killed Eustachio
  4331 | D:3      | Reached XP level 7. HP: 54/61 MP: 6/6
  5035 | D:4      | Found a sparkling altar of Nemelex Xobeh.
  5152 | D:4      | Became a worshipper of Nemelex Xobeh the Trickster
  5152 | D:4      | Received a gift from Nemelex Xobeh
  5152 | D:4      | Reached * piety under Nemelex Xobeh
  5152 | D:4      | Received a gift from Nemelex Xobeh
  5152 | D:4      | Received a gift from Nemelex Xobeh
  5152 | D:4      | Reached ** piety under Nemelex Xobeh
  5174 | D:5      | Entered Level 5 of the Dungeon
  5212 | D:5      | Reached skill level 5 in Dodging
  5383 | D:5      | Found a glowing drain.
  5416 | Sewer    | Entered a sewer
  5416 | Sewer    | Received a gift from Nemelex Xobeh
  6296 | D:5      | Noticed a hippogriff
  6314 | D:5      | Killed a hippogriff
  6314 | D:5      | Reached XP level 8. HP: 16/70 MP: 7/7
  7138 | D:5      | Found a glowing silver altar of Zin.
  7161 | D:5      | Found a shattered altar of Ashenzari.
  7168 | D:5      | Found a bloodstained altar of Trog.
  7170 | D:5      | Found a glowing golden altar of the Shining One.
  7250 | D:5      | Found a stormy altar of Qazlal.
  7479 | D:6      | Found a staircase to the Ecumenical Temple.
  7517 | D:6      | Noticed a wyvern
  7527 | D:6      | Killed a wyvern
  7761 | D:6      | Reached *** piety under Nemelex Xobeh
  7927 | D:6      | Reached XP level 9. HP: 72/80 MP: 8/8
  7991 | D:6      | Found a sparkling altar of Nemelex Xobeh.
  8482 | D:7      | Noticed Pikel
  8765 | D:6      | Killed Pikel
  9290 | D:7      | Received a gift from Nemelex Xobeh
  9303 | D:7      | Got a slimy scale mail
  9314 | D:7      | Identified the cursed +1 scale mail of Gallantry {*Slow
                  | +Inv rElec Slay+2} (You found it on level 7 of the Dungeon)
  9576 | D:7      | Received a gift from Nemelex Xobeh
  9752 | D:8      | Reached skill level 1 in Armour
  9752 | D:8      | Reached skill level 1 in Evocations
  9752 | D:8      | Reached XP level 10. HP: 73/91 MP: 9/9
  9843 | D:8      | Reached **** piety under Nemelex Xobeh
  9960 | D:8      | Noticed a death yak
  9976 | D:8      | Killed a death yak
  9978 | D:8      | Noticed a death yak
  9979 | D:8      | Noticed a death yak
  9982 | D:8      | Noticed an ettin
  9982 | D:8      | a death yak changed into an ettin
  9984 | D:8      | Killed a death yak
  9986 | D:8      | an ettin changed into a jumping spider
 10030 | D:8      | Found a staircase to the Lair.
 10105 | D:8      | Found Hegoh's Antique Weapon Boutique.
 10415 | D:8      | Received a gift from Nemelex Xobeh
 10537 | D:8      | Reached skill level 10 in Unarmed Combat
 10792 | D:9      | Reached skill level 10 in Fighting
 10918 | D:9      | Reached XP level 11. HP: 42/99 MP: 12/12
 11234 | D:9      | Noticed Maurice
 11242 | D:9      | Killed Maurice
 11569 | D:9      | Received a gift from Nemelex Xobeh
 11912 | D:10     | Entered Level 10 of the Dungeon
 12053 | D:10     | Noticed a two-headed ogre
 12054 | D:10     | Killed a two-headed ogre
 12472 | D:10     | Noticed Erica
 12482 | D:10     | Noticed Erica
 12495 | D:10     | Killed Erica the death drake
 12655 | D:10     | Found a staircase to the Orcish Mines.
 12745 | D:10     | Received a gift from Nemelex Xobeh
 12768 | D:10     | Noticed a cyclops
 12780 | D:10     | Killed a cyclops
 12847 | D:10     | Reached ***** piety under Nemelex Xobeh
 13456 | Lair:1   | Entered Level 1 of the Lair of Beasts
 13463 | Lair:1   | Reached skill level 5 in Armour
 13463 | Lair:1   | Reached skill level 5 in Evocations
 13882 | Lair:1   | Reached XP level 12. HP: 95/110 MP: 15/15
 14126 | Lair:1   | Received a gift from Nemelex Xobeh
 15041 | Lair:2   | Noticed Harold
 15055 | Lair:2   | Killed Harold
 15204 | Lair:2   | Received a gift from Nemelex Xobeh
 15912 | Lair:3   | Noticed an eight-headed hydra
 15919 | Lair:3   | Killed an eight-headed hydra
 15959 | Lair:3   | Received a gift from Nemelex Xobeh
 16069 | Lair:3   | Reached skill level 10 in Dodging
 16290 | Lair:3   | Noticed a seven-headed hydra
 16296 | Lair:3   | a seven-headed hydra changed into something unseen
 16308 | Lair:3   | Killed a ghost moth
 16309 | Lair:3   | Noticed a four-headed hydra
 16475 | Lair:3   | Killed a four-headed hydra
 16539 | Lair:3   | Noticed a dire elephant
 16562 | Lair:3   | Killed a dire elephant
 16562 | Lair:3   | Reached XP level 13. HP: 61/118 MP: 17/17
 16718 | Lair:3   | Received a gift from Nemelex Xobeh
 16945 | Lair:3   | Found a staircase to the Shoals.
 17100 | Lair:3   | Found a hole to the Spider Nest.
 18946 | Lair:5   | Received a gift from Nemelex Xobeh
 18963 | Lair:5   | Found a gate leading to a gauntlet.
 18995 | Gauntlet | Entered a Gauntlet
 18995 | Gauntlet | Found a transporter.
 18995 | Gauntlet | Found a runed translucent door.
 18996 | Gauntlet | Found a runed translucent door.
 19000 | Gauntlet | Found a transporter.
 19002 | Gauntlet | Found a transporter.
 19011 | Gauntlet | Found a transporter.
 19013 | Gauntlet | Found a transporter.
 19021 | Gauntlet | Found a transporter.
 19036 | Gauntlet | Found a runed translucent door.
 19037 | Gauntlet | Found a transporter.
 19038 | Gauntlet | Found a runed translucent door.
 19041 | Gauntlet | Found a transporter.
 19061 | Gauntlet | Found a transporter.
 19067 | Gauntlet | Found a transporter.
 19076 | Gauntlet | Found a transporter.
 19078 | Gauntlet | Noticed a reaper
 19079 | Gauntlet | Found a transporter.
 19111 | Gauntlet | Found a transporter.
 19111 | Gauntlet | Reached ****** piety under Nemelex Xobeh
 19128 | Gauntlet | Found a transporter.
 19446 | Gauntlet | Got a warped broad axe
 19507 | Gauntlet | Got a pair of smoking gloves
 19511 | Gauntlet | Got a vibrating steel ring
 19523 | Gauntlet | Identified the ring "Viumy" {rElec MR+ SInv} (You found it
                  | in a Gauntlet)
 19534 | Gauntlet | Identified the +1 pair of gloves of Durghosesk {MR- Int+4
                  | Stlth+} (You found it in a Gauntlet)
 19635 | Gauntlet | Noticed a minotaur
 19642 | Gauntlet | Noticed a great orb of eyes
 19642 | Gauntlet | a minotaur changed into a great orb of eyes
 19650 | Gauntlet | Killed a great orb of eyes
 20124 | Lair:5   | Received a gift from Nemelex Xobeh
 20143 | Lair:5   | Found a viscous altar of Jiyva.
 20143 | Lair:5   | Found a staircase to the Slime Pits.
 20175 | Lair:5   | Noticed Hairutzoic's ghost (journeyman MiBe)
 20281 | Lair:5   | Found a transporter.
 20285 | Lair:5   | Found a transporter.
 20603 | Lair:6   | Entered Level 6 of the Lair of Beasts
 20758 | Lair:5   | Reached XP level 14. HP: 91/126 MP: 19/19
 21214 | Lair:6   | Found a snail-covered altar of Cheibriados.
 21215 | Lair:6   | Received a gift from Nemelex Xobeh
 21310 | Lair:6   | Found a runed translucent gate.
 21310 | Lair:6   | Found a runed translucent gate.
 21310 | Lair:6   | Noticed raetorn's ghost (journeyman VSBe)
 21311 | Lair:6   | Found a runed translucent gate.
 22631 | Spider:1 | Entered Level 1 of the Spider Nest
 22631 | Spider:1 | Received a gift from Nemelex Xobeh
 22776 | Spider:1 | Reached skill level 1 in Invocations
 22922 | Spider:1 | Reached skill level 1 in Shields
 23067 | Spider:1 | Received a gift from Nemelex Xobeh
 23291 | Spider:1 | Received a gift from Nemelex Xobeh
 23867 | Spider:2 | Received a gift from Nemelex Xobeh
 23867 | Spider:2 | Noticed Azrael
 23867 | Spider:2 | Noticed an entropy weaver
 23887 | Spider:2 | Noticed Jorgrun
 23893 | Spider:2 | Noticed Arachne
 23913 | Spider:1 | Killed Azrael
 23913 | Spider:1 | Reached XP level 15. HP: 41/137 MP: 7/21
 24981 | Spider:1 | Killed Arachne
 25819 | Spider:2 | Killed Jorgrun
 26428 | Spider:2 | Identified the +8 broad axe of Moopseg {vorpal, rPois MR-
                  | Str+7 Int-2} (You found it in a Gauntlet)
 26757 | Spider:2 | Received a gift from Nemelex Xobeh
 27065 | Spider:3 | Noticed Louise
 27440 | Spider:3 | Received a gift from Nemelex Xobeh
 28012 | Spider:3 | Reached skill level 10 in Evocations
 28119 | Spider:3 | Received a gift from Nemelex Xobeh
 28146 | Spider:3 | Noticed an emperor scorpion
 28161 | Spider:3 | Noticed a ghost moth
 28161 | Spider:3 | an emperor scorpion changed into a ghost moth
 28170 | Spider:3 | Killed a ghost moth
 28429 | Spider:3 | Identified the -1 hand axe "Tecaat" {flame, Str+3}
 28434 | Spider:3 | Reached skill level 10 in Armour
 28437 | Spider:3 | Cast into level 2 of the Abyss (Louise)
 28486 | Abyss:2  | Noticed a bone dragon
 28548 | Abyss:2  | Received a gift from Nemelex Xobeh
 29352 | Abyss:2  | Noticed a bone dragon
 29367 | Abyss:2  | HP: 4/138 [bone dragon (3)]
 29368 | Abyss:2  | HP: 1/138 [rock wall collision (1)]
 29426 | Abyss:2  | HP: 3/138 [rock wall collision (6)]
 29432 | Abyss:2  | Killed from afar by a wretched star

Illustrated notes

Levels and vault maps discovered:
D:1:      dpeg_arrival_circle_labyrinth_a, layout_basic
D:2:      kennysheep_six_static_rooms, layout_rooms
D:3:      minmay_recursive_quarters, layout_loops_ring
D:4:      layout_cave_pools, hangedman_decor_push, nemelex_lonely_heart_becter,
          uniq_eustachio
D:5:      layout_rooms, lemuel_coloured_pillars_altar, minitemple, first_ration,
          cheibrodos_sewer_entry_sluice
D:6:      layout_cave_pools, minmay_temple_entry_poolview, basic_altar
D:7:      layout_cave_pools, uniq_pikel
D:8:      layout_loops_ring, dpeg_lair_monsters, serial_shops, shop
D:9:      layout_roguey, serial_glass, glass_columns_a, glass_columns_b,
          glass_columns_c, glass_columns_c, glass_columns_a, glass_columns_b,
          glass_columns_a, glass_columns_c, glass_columns_a, glass_columns_c,
          item_on_display_a, david_nohive_1, uniq_maurice
D:10:     layout_basic, erik_orc_4, uniq_erica
Lair:1:   layout_gridlike
Lair:2:   layout_regular_city, beast_lair_carwin_7, lemuel_fruit_tree,
          minmay_lair_oklob_chamber, grunt_megastairs_3, uniq_harold
Lair:3:   mu_elephants_graveyard, layout_misc_corridors,
          minmay_shoals_entry_lonely_mermaid, spider_nest_entry_a
Lair:4:   layout_cave_shapes, serial_bayou_shore_a
Lair:5:   layout_long_grid, dpeg_slime_entry_enclosed_altar,
          gauntlet_entry_generic, gammafunk_ghost_arena, st_stairs_7
Lair:6:   evilmike_catoblepas_cave, layout_regular_city, basic_altar,
          gammafunk_ghost_hydra_chop, grunt_megastairs_2
Spider:1: layout_chambers, uniq_rupert
Spider:2: layout_spider_delve, hangedman_stitches_earthworm,
          nicolae_spider_cling_halls, uniq_azrael, uniq_arachne, uniq_jorgrun
Spider:3: layout_chambers, uniq_louise
Abyss:2:  base: D:13, minivault_4, minivault_4, minivault_5,
          hangedman_decor_lopped, evilmike_abyss_exit_plants

Skill      XL: |  1  2  3  4  5  6  7  8  9 10 11 12 13 14 15 |
---------------+----------------------------------------------+-----
Dodging        | 3 4 5 6 7 8 9 10 11 12 | 12.3
Unarmed Combat | 4 5 6 7 9 10 11 12 13 14 | 14.3
Fighting       | 4 5 6 7 9 10 11 12 13 14 | 14.3
Armour         | 1 3 5 6 8 9 10 | 10.0
Evocations     | 1 3 5 7 8 9 10 | 10.0
Invocations    | 1 4 |  4.7
Shields        | 1 3 |  3.8
Stealth        | |  2.1

Action                   |  1- 3 |  4- 6 |  7- 9 | 10-12 | 13-15 || total
-------------------------+-------+-------+-------+-------+-------++-------
Melee: Unarmed           |   108 |   186 |   407 |   638 |  1173 ||  2512
       Punch             |       |     5 |    18 |    31 |    57 ||   111
Throw: Javelin           |       |       |       |       |     3 ||     3
Invok: Draw Destruction  |       |       |     1 |    26 |    37 ||    64
       Draw Summoning    |       |       |       |       |     6 ||     6
Evoke: Wand              |       |     2 |     1 |     9 |     1 ||    13
  Use: Scroll            |       |       |    10 |     1 |    10 ||    21
       Potion            |       |       |     2 |       |    11 ||    13
 Stab: Sleeping          |     4 |     1 |     6 |       |       ||    11
       Confused          |       |     1 |       |       |       ||     1
       Petrifying        |       |       |       |       |     3 ||     3
       Invisible         |       |       |       |       |    11 ||    11
  Eat: Chunk             |     3 |    11 |    27 |    62 |   146 ||   249
Armor: Robe              |    31 |    25 |       |       |       ||    56
       Leather armour    |       |       |    63 |       |       ||    63
       Scale mail        |       |       |    10 |   247 |   410 ||   667
Dodge: Dodged            |    77 |   121 |   301 |   423 |   693 ||  1615
Block: Kite shield       |       |       |       |       |   543 ||   543
